[Event "DEN-ch Seniors 2018"]
[Site "Hvidovre"]
[Date "2018.02.17"]
[Round "6"]
[White "Olesen, Poul Erik Norgaard"]
[Black "Munk, Kai"]
[Result "0-1"]
[ECO "B06"]
[WhiteElo "2010"]
[BlackElo "2023"]
[Annotator "NA"]
[PlyCount "118"]
[EventDate "2018.??.??"]
[EventType "tourn"]
[EventCountry "DEN"]
[SourceTitle "playchess.com"]
[Source "ChessBase"]
[SourceQuality "1"]
[TimeControl "40/5400+30:1800+30"]

1. e4 g6 2. d4 Bg7 3. Nc3 d6 4. Be3 c6 5. Qd2 Qc7 6. h3 {B06: Modern Defence} (6. h4 h5 7. O-O-O b5 8. Kb1 Nd7 9. Nh3 Nb6 10. Bd3 Bxh3 11. Rxh3 Nf6 12. f3 Nc4 13. Bxc4 bxc4 {1-0 (39) Fedorchuk,S (2623)-Tabak,S (2261) Leiden 2017}) 6... Nd7 7. Nf3 Nb6 8. Be2 h6 $146 ({Predecessor:} 8... Bd7 9. a4 a5 10. O-O Nf6 11. Ng5 h6 12. Nf3 e5 13. dxe5 dxe5 14. Rfd1 {1-0 (23) Saucey,M (2366)-Gallant,A (1922) Pornic 2009}) 9. a4 Be6 10. b3 a5 11. Rd1 d5 12. Bf4 Qd8 13. e5 g5 14. Bg3 Bf5 15. Bd3 e6 16. h4 g4 17. Nh2 h5 18. Bxf5 exf5 19. Ne2 Bh6 20. Nf4 Qe7 21. O-O Bxf4 (21... Nd7 $16) 22. Qxf4 (22. Bxf4 $18 Qe6 23. Rfe1) 22... Qe6 23. Rfe1 Ne7 24. Nf1 Nd7 25. Ne3 Nf8 26. c4 Qg6 27. Nc2 $2 (27. cxd5 $11 cxd5 28. e6 Nxe6 29. Qd6) 27... Qh6 $2 (27... Ne6 $19 28. Qd2 {[#]} f4 $1 29. Bxf4 Nxf4 30. Qxf4 Qxc2) 28. Qxh6 Rxh6 29. Bf4 Rg6 30. Bg5 Rxg5 31. hxg5 Ne6 32. cxd5 cxd5 33. Na3 Nxg5 34. Nb5 Kf8 35. Rc1 Rb8 36. Rc2 Ne6 37. Rec1 Kg7 ({Better is} 37... f4 $11) 38. g3 f4 39. gxf4 Nxf4 40. Kh2 Ne6 41. Kg3 Rh8 42. Rh1 Nf5+ 43. Kg2 h4 44. Rd1 Ng5 45. Nd6 h3+ 46. Kh1 Nh4 47. Rc7 Nhf3 48. Nxf7 Nxf7 49. e6 N3g5 50. exf7 Ne4 51. Kh2 Rh6 52. Rf1 ({Less strong is} 52. Rxb7 Rf6 $16) (52. Rg1 $18 Rg6 53. Rxb7) 52... Rf6 {[#]} 53. f4 $4 {[#]} (53. f3 $1 $18) 53... Rh6 $19 54. Rc2 g3+ 55. Kg1 Kxf7 56. Re2 Kf6 57. Rf3 Kf5 58. Rxe4 dxe4 59. Rxg3 Rg6 0-1

[Event "DEN-ch Seniors 2018"]
[Site "Hvidovre"]
[Date "2018.02.17"]
[Round "6"]
[White "Morkore, Thomas"]
[Black "Lindestrom, Torsten"]
[Result "1/2-1/2"]
[ECO "A06"]
[WhiteElo "1910"]
[BlackElo "2194"]
[Annotator "ChessBase"]
[PlyCount "108"]
[EventDate "2018.??.??"]
[EventType "tourn"]
[EventCountry "DEN"]
[SourceTitle "playchess.com"]
[Source "ChessBase"]
[SourceQuality "1"]
[TimeControl "40/5400+30:1800+30"]

1. Nf3 d5 2. d4 c6 3. c4 e6 4. Bg5 Be7 5. Bxe7 Qxe7 6. e3 Nf6 7. Nbd2 O-O 8. Bd3 Nbd7 9. O-O e5 10. dxe5 Nxe5 11. Nxe5 Qxe5 12. cxd5 Rd8 13. Nc4 Qxd5 14. Be2 Be6 15. Qxd5 Rxd5 16. Rfd1 Rad8 17. Na5 R8d7 18. Rxd5 Bxd5 19. f3 b6 20. Nb3 c5 21. Kf2 Kf8 22. Ke1 Ke7 23. Nd2 Ne8 24. a4 Nd6 25. e4 Bc6 26. Nf1 f5 27. e5 Nf7 28. f4 Bxg2 29. Ne3 Be4 30. Bc4 Nd8 31. a5 Ne6 32. axb6 axb6 33. Ra6 Nxf4 34. Rxb6 Nd3+ 35. Kf1 f4 36. Nd1 Bf5 37. e6 Ra7 38. Nc3 Nb4 39. Kf2 g5 40. Nb5 Ra8 41. Rb7+ Kf6 42. Rf7+ Ke5 43. e7 Bg6 44. Rf8 Re8 45. Rxe8 Bxe8 46. Nc7 Bg6 47. e8=Q+ Bxe8 48. Nxe8 g4 49. b3 Nc6 50. Nc7 Na5 51. Bg8 h5 52. Na6 Kd4 53. b4 cxb4 54. Nxb4 h4 1/2-1/2

[Event "DEN-ch Seniors 2018"]
[Site "Hvidovre"]
[Date "2018.02.17"]
[Round "6"]
[White "Marshall, Michael"]
[Black "Hvenekilde, Jorgen"]
[Result "1/2-1/2"]
[ECO "A10"]
[WhiteElo "1826"]
[BlackElo "2044"]
[Annotator "NA"]
[PlyCount "46"]
[EventDate "2018.??.??"]
[EventType "tourn"]
[EventCountry "DEN"]
[SourceTitle "playchess.com"]
[Source "ChessBase"]
[SourceQuality "1"]
[TimeControl "40/5400+30:1800+30"]

1. c4 d6 2. g3 g6 3. Nc3 Nf6 4. Bg2 Bg7 {[%emt 0:00:09] LiveBook: 878 Games} 5. e4 c5 6. Nf3 Nc6 7. O-O O-O 8. d3 Bd7 9. h3 a6 10. a4 Rb8 11. Be3 b6 $11 12. Qd2 Re8 13. b3 Bc8 14. d4 cxd4 15. Nxd4 Bd7 16. Nf3 Bc8 17. Kh2 Bb7 18. Nd4 Na5 19. Qc2 Nc6 20. Qd2 Nd7 21. f4 Nc5 22. Rad1 Nb4 23. Qc2 e6 1/2-1/2

[Event "DEN-ch Seniors 2018"]
[Site "Hvidovre"]
[Date "2018.02.17"]
[Round "6"]
[White "Matras, Ove"]
[Black "Schultz-Pedersen, Jesper"]
[Result "0-1"]
[ECO "A01"]
[WhiteElo "1781"]
[BlackElo "2068"]
[Annotator "NA"]
[PlyCount "60"]
[EventDate "2018.??.??"]
[EventType "tourn"]
[EventCountry "DEN"]
[SourceTitle "playchess.com"]
[Source "ChessBase"]
[SourceQuality "1"]
[TimeControl "40/5400+30:1800+30"]

1. b3 e5 2. e3 Nf6 3. Bb2 d6 4. Nf3 Be7 5. Be2 O-O 6. d4 e4 7. Nfd2 c6 8. O-O Bf5 9. f3 Nd5 10. Kf2 Bg5 11. f4 Re8 $2 (11... Bf6 $15 {stays ahead.}) 12. Nc4 $2 (12. fxg5 $16 {is necessary to keep the advantage.} Qxg5 13. Nc4) 12... Bh4+ 13. g3 b5 14. Nxd6 Qxd6 15. gxh4 Qh6 16. h5 Bh3 17. Rg1 Nxf4 18. d5 f6 (18... Ng2 $142 19. Rxg2 Bxg2) 19. c4 Nxe2 20. Qxe2 bxc4 21. bxc4 Na6 (21... cxd5 $17 22. Rg3 Be6) 22. Rg3 Bf5 $14 ({Better is} 22... Bd7 $15) 23. Ba3 cxd5 24. cxd5 Rac8 25. Bd6 Nc5 26. Bf4 g5 27. hxg6 Qxh2+ 28. Ke1 Nd3+ 29. Kd1 Rc1+ 30. Kd2 Rcc8 {Ke1 Ra8+} 0-1

[Event "DEN-ch Seniors 2018"]
[Site "Hvidovre"]
[Date "2018.02.17"]
[Round "6"]
[White "Larsen, Arne Walther"]
[Black "Rosenlund, Thorbjorn"]
[Result "0-1"]
[ECO "A06"]
[WhiteElo "1766"]
[BlackElo "2245"]
[Annotator "NA"]
[PlyCount "53"]
[EventDate "2018.??.??"]
[EventType "tourn"]
[EventCountry "DEN"]
[SourceTitle "playchess.com"]
[Source "ChessBase"]
[SourceQuality "1"]
[TimeControl "40/5400+30:1800+30"]

1. Nf3 d5 2. g3 Nf6 3. Bg2 Bf5 4. d3 e6 5. Nbd2 h6 6. O-O Be7 7. b3 {[%emt 0:02:44] LiveBook: 56 Games A07: Réti Opening: New York and Capablanca Systems} a5 (7... O-O 8. Bb2 c5 9. Re1 Nc6 10. e4 Bh7 11. Ne5 Nxe5 12. Bxe5 Rc8 13. a4 b6 14. h3 Re8 15. f4 a6 16. Qe2 b5 17. axb5 axb5 {1-0 (32) Maghsoodloo,P (2584)-Van Wely,L (2675) Bandar e Anzali 2017}) 8. c4 O-O 9. Bb2 a4 10. bxa4 Na6 $146 ({Predecessor:} 10... c6 11. Rb1 Nbd7 12. Bxf6 Bxf6 13. Rxb7 Nc5 14. Rb4 Qa5 15. a3 Nxa4 16. Qc2 Nc3 {½-½ (26) Quintero Calderon,R (1748)-Bandiera,A (1919) IECG email 2002}) 11. cxd5 exd5 12. Ne5 Nc5 13. Nb3 Nxa4 14. Bd4 c5 15. Be3 Qc7 16. Nf3 Bd6 17. Bd2 Rfd8 18. Qc1 Qe7 19. Re1 d4 ({Black should play} 19... Re8 $17 20. Rb1 Qd7) 20. e4 dxe3 21. Rxe3 {[%emt 0:00:46] [#]} Qc7 $1 22. Nh4 Bh7 23. Be4 $2 (23. Qc4 $17) 23... Nxe4 24. dxe4 c4 25. Nd4 Be5 26. Nb5 Qd7 27. Bc3 $19 (27. Rb1 $142 Qxd2 28. Nf3 Qxc1+ 29. Rxc1) 0-1

[Event "DEN-ch Seniors 2018"]
[Site "Hvidovre"]
[Date "2018.02.18"]
[Round "7"]
[White "Schultz-Pedersen, Jesper"]
[Black "Baliuniene, Margarita"]
[Result "1-0"]
[ECO "B20"]
[WhiteElo "2068"]
[BlackElo "1881"]
[Annotator "NA RC"]
[PlyCount "127"]
[EventDate "2018.??.??"]
[EventType "tourn"]
[EventCountry "DEN"]
[SourceTitle "playchess.com"]
[Source "ChessBase"]
[SourceQuality "1"]
[TimeControl "40/5400+30:1800+30"]

1. e4 c5 2. b4 cxb4 3. a3 Nc6 {[%emt 0:00:35] B20: Sicilian: Unusual White 2nd moves} 4. Nf3 (4. axb4 Nxb4 5. d4 d5 6. c3 Nc6 7. exd5 Qxd5 8. Na3 Bf5 9. Nb5 Rc8 10. Nxa7 Nxa7 11. Rxa7 e5 12. Nf3 exd4 13. Nxd4 Bd7 14. Nb5 Qxd1+ 15. Kxd1 {1-0 (27) Carlsen,M (2837)-Inarkiev,E (2689) Riadh 2017}) 4... bxa3 {[%emt 0:05:07] LiveBook: 3 Games} 5. d4 ({Much weaker is} 5. Rxa3 e6 $15) 5... d6 6. Nxa3 Nf6 7. Bd3 Bg4 $146 ({Predecessor:} 7... g6 8. O-O Bg7 9. c3 O-O 10. Qe2 a6 11. Be3 Rb8 {0-1 (37) Moussard,J (2444)-Matlakov,M (2694) Montpellier 2015}) 8. c3 g6 9. h3 Bxf3 10. Qxf3 Bg7 11. O-O O-O 12. Qg3 Nh5 13. Qh2 e5 14. g4 exd4 $2 (14... Nf6 $15 15. d5 Na5) 15. gxh5 dxc3 16. Nc2 Ne5 ({Black should try} 16... Qh4) 17. Be2 d5 (17... gxh5 $16 18. f4 Nc6) 18. Rd1 Qh4 19. f4 Nc4 20. Rxd5 Nb2 21. Be3 Qe7 22. Qg2 Rfd8 23. Rxa7 Rxa7 24. Bxa7 Rxd5 25. exd5 b5 26. Qf2 Qb7 27. Bd4 (27. d6 $142) 27... Qxd5 28. Bxg7 Kxg7 29. hxg6 ({White should play} 29. Qe3 Na4 30. hxg6) 29... hxg6 30. Qd4+ Qxd4+ 31. Nxd4 b4 {[%emt 0:00:07] [#]} (31... Nc4 $16 32. Kf2 Kf6) 32. Kf2 (32. Nc2 $1 $18) 32... Na4 $1 33. Bd1 Nc5 34. Kf3 f5 35. Ke3 Kf6 36. h4 Ne4 $2 (36... Kg7 $1 $11 {und Schwarz ist OK.}) 37. Nc6 Kg7 38. Nxb4 Kh6 39. Nc2 Nf6 40. Bf3 Nh5 41. Nb4 Ng3 42. Kd3 Ne4 43. Nd5 Nf2+ 44. Kxc3 Nh3 45. Kd4 Nxf4 46. Nxf4 g5 47. hxg5+ Kxg5 48. Ke5 Kh4 49. Kxf5 Kg3 50. Ke4 Kh4 51. Ne6 Kg3 52. Nd4 Kh4 53. Kf4 Kh3 54. Nc2 Kh4 55. Ne1 (55. Ne3 $142 Kh3 56. Bg4+ Kh2 57. Kf3 Kg1 58. Kg3 Kh1 59. Kf2 Kh2 60. Nf1+ Kh1 61. Bf3#) 55... Kh3 56. Ng2 (56. Bg4+ $142 Kh2 57. Kf3 Kg1 58. Bh3 Kh2 59. Kg4 Kg1 60. Kg3 Kh1 61. Bg2+ Kg1 62. Nf3#) 56... Kh2 57. Bd5 Kh3 58. Kf3 Kh2 59. Be6 Kg1 60. Kg3 Kf1 61. Bc4+ Kg1 62. Nf4 Kh1 63. Bb5 Kg1 64. Nh3+ 1-0

[Event "DEN-ch Seniors 2018"]
[Site "Hvidovre"]
[Date "2018.02.18"]
[Round "7"]
[White "Hvenekilde, Jorgen"]
[Black "Sorensen, Flemming Louv"]
[Result "1/2-1/2"]
[ECO "C02"]
[WhiteElo "2044"]
[BlackElo "1996"]
[Annotator "NA RC"]
[PlyCount "91"]
[EventDate "2018.??.??"]
[EventType "tourn"]
[EventCountry "DEN"]
[SourceTitle "playchess.com"]
[Source "ChessBase"]
[SourceQuality "1"]
[TimeControl "40/5400+30:1800+30"]

1. e4 e6 2. d4 d5 3. e5 c5 4. Nf3 cxd4 5. Bd3 Nc6 6. O-O {LiveBook: 186 Games} Nge7 7. Re1 Ng6 {C02: French: Advance Variation} 8. a3 Be7 (8... a5 9. g3 f6 10. exf6 gxf6 11. Nh4 Nxh4 12. Qh5+ Kd7 13. Qxh4 Kc7 14. c3 e5 15. Bb5 {0-1 (23) Arribas Lopez,A (2488)-Cruz,C (2549) Elgoibar 2013}) 9. b4 Bd7 10. b5 Na5 11. Nxd4 $146 ({Predecessor:} 11. Qe2 Qb6 12. h4 Bxh4 13. g3 Be7 14. Bb2 Rc8 {1-0 (33) Esquivias Gomez,F (1951)-Sotoca Aguado,J (1976) Madrid 2013}) 11... Rc8 12. Nd2 Qc7 13. N2f3 Nc4 14. Qe2 Qa5 15. g3 Qc3 16. Bd2 Nxd2 17. Qxd2 Nxe5 18. Qxc3 Nxf3+ 19. Nxf3 Rxc3 20. a4 O-O 21. Ne5 Bc8 22. f4 Bc5+ 23. Kg2 Bb4 24. Reb1 Ba5 25. Rb3 f6 26. Nf3 Re8 27. Rxc3 Bxc3 28. Ra3 (28. Rd1 $142) 28... Ba5 29. c4 {[#]} e5 $1 30. Bf1 e4 31. Nd4 Bb6 32. Nb3 dxc4 33. Bxc4+ Be6 (33... Kf8 $19 34. Bd5 Bg4) 34. Bxe6+ Rxe6 35. a5 Be3 36. Kf1 Rd6 37. Ra4 Rd3 38. Na1 Rd4 39. Rxd4 Bxd4 40. Nb3 Bc3 41. f5 Kf7 42. Ke2 Ke7 43. Ke3 Kd6 44. Kxe4 a6 ({Lieber} 44... Be5 $15) 45. bxa6 $1 bxa6 46. g4 $11 1/2-1/2

[Event "DEN-ch Seniors 2018"]
[Site "Hvidovre"]
[Date "2018.02.18"]
[Round "7"]
[White "Nielsen, Jorgen Lovgren"]
[Black "Olesen, Poul Erik Norgaard"]
[Result "1/2-1/2"]
[ECO "C41"]
[WhiteElo "2041"]
[BlackElo "2010"]
[Annotator "NA RC"]
[PlyCount "122"]
[EventDate "2018.??.??"]
[EventType "tourn"]
[EventCountry "DEN"]
[SourceTitle "playchess.com"]
[Source "ChessBase"]
[SourceQuality "1"]
[TimeControl "40/5400+30:1800+30"]

1. e4 e5 2. Nf3 d6 3. d4 exd4 4. Nxd4 g6 5. Nc3 Bg7 6. Be3 Nc6 7. Bc4 Nf6 {[%emt 0:00:49] LiveBook: 32 Games} 8. f3 O-O 9. Qd2 Nxd4 (9... Ne5 $5 10. Be2 a6 $11) 10. Bxd4 ({But not} 10. Qxd4 Ng4 $15) 10... a6 11. O-O-O b5 {[%emt 0:01:00] C50: Hungarian Defence and Giuoco Pianissimo} 12. Be2 Be6 13. g4 $146 ({Predecessor:} 13. Nd5 $11 c5 14. Bxf6 Bxf6 15. Nxf6+ Qxf6 16. Kb1 Rfd8 17. f4 d5 18. e5 Qe7 19. g4 {1-0 (37) Francois,O-Baluta,C (2295) Saint Affrique 1998}) 13... c5 14. Be3 Qa5 15. Kb1 $1 b4 16. Nd5 Bxd5 17. exd5 Rfc8 18. Bc4 Nd7 19. f4 Nb6 20. Qd3 Bxb2 21. Kxb2 Qa3+ 22. Kb1 Nxc4 23. Qxc4 Qxe3 24. f5 Re8 25. Rhe1 Qf3 26. Rf1 Qe4 27. Rf4 Qxc4 28. Rxc4 Re5 29. fxg6 hxg6 30. Rf4 Kg7 31. Kb2 Rae8 32. h4 Re4 33. Rdf1 Rxf4 34. Rxf4 Re5 35. c4 (35. c3 {kämpft weiter.}) 35... bxc3+ 36. Kxc3 Rxd5 37. Ra4 Rd1 38. Rxa6 Kf6 39. a4 Ke6 40. Ra8 Rc1+ 41. Kb2 Rc4 42. h5 gxh5 43. gxh5 Rh4 44. a5 Kd7 45. a6 Kc7 ({Don't go for} 45... Rxh5 $2 46. a7 $18) 46. a7 Kb7 47. Rd8 $1 Kxa7 48. Rxd6 Rxh5 49. Rd7+ Kb6 50. Rxf7 Kb5 51. Rf4 c4 52. Rf8 Kb4 53. Rb8+ $1 Rb5 54. Rxb5+ Kxb5 55. Kc3 Kc5 56. Kc2 Kd4 57. Kd2 c3+ 58. Kc2 $11 Kc4 59. Kc1 Kb3 60. Kb1 c2+ 61. Kc1 Kc3 1/2-1/2

[Event "DEN-ch Seniors 2018"]
[Site "Hvidovre"]
[Date "2018.02.18"]
[Round "7"]
[White "S. Munk, Kai"]
[Black "Hartung-Nielsen, Jens"]
[Result "1/2-1/2"]
[ECO "A01"]
[WhiteElo "2023"]
[BlackElo "2217"]
[Annotator "RC"]
[PlyCount "61"]
[EventDate "2018.??.??"]
[EventType "tourn"]
[EventCountry "DEN"]
[SourceTitle "playchess.com"]
[Source "ChessBase"]
[SourceQuality "1"]
[TimeControl "40/5400+30:1800+30"]

1. b3 e5 2. Bb2 Nc6 3. e3 d5 4. d3 Nf6 5. Nd2 Bd6 6. Be2 O-O 7. Ngf3 Qe7 8. O-O a5 9. a3 Bd7 10. h3 Rae8 11. Nh2 h6 12. c4 d4 13. Bf3 Bc5 14. Bxc6 Bxc6 15. e4 Nh7 16. Qe1 f5 17. exf5 Rxf5 18. Ne4 Ng5 19. f3 Nxe4 20. fxe4 Rxf1+ 21. Nxf1 b6 22. Nh2 Rf8 23. Nf3 Bd7 24. Qg3 Bd6 25. a4 Kh7 26. Rf1 Rf6 27. Nh4 Rxf1+ 28. Kxf1 Qf6+ 29. Nf3 g5 30. Bc1 Kg6 31. Bd2 1/2-1/2

[Event "DEN-ch Seniors 2018"]
[Site "Hvidovre"]
[Date "2018.02.18"]
[Round "7"]
[White "Jorgensen, Orla Eilegaard"]
[Black "Morkore, Thomas"]
[Result "0-1"]
[ECO "A03"]
[WhiteElo "1580"]
[BlackElo "1910"]
[Annotator "NA RC"]
[PlyCount "72"]
[EventDate "2018.??.??"]
[EventType "tourn"]
[EventCountry "DEN"]
[SourceTitle "playchess.com"]
[Source "ChessBase"]
[SourceQuality "1"]
[TimeControl "40/5400+30:1800+30"]

1. f4 d5 2. Nf3 Nf6 3. e3 g6 4. d3 {[%emt 0:00:40] A03: Bird's Opening with 1...d5} (4. b4 Bg7 5. Bb2 O-O 6. a4 c6 7. c4 Bg4 8. Na3 Nbd7 9. Be2 a5 10. b5 Nb6 11. c5 Nbd7 12. d4 Ne4 13. Rb1 {0-1 (37) Fedoseev,V (2718)-Yu,Y (2751) Riadh 2017}) 4... Bg7 5. Nbd2 O-O 6. Ne5 b6 $146 ({Predecessor:} 6... c5 7. Be2 Nfd7 8. d4 Nc6 9. c3 Ndxe5 10. dxe5 f6 11. exf6 Bxf6 {0-1 (53) Koskre,R-Lauk,U (2342) Tallinn 2003}) 7. Ndf3 Bb7 8. Be2 Nbd7 9. b3 {[%emt 0:07:44] [#]} Ng4 $1 10. d4 Ngxe5 11. fxe5 f6 12. exf6 exf6 13. O-O Qe7 14. c4 Bh6 15. Kh1 Bxe3 16. Qd3 Bxc1 17. Raxc1 Rae8 18. Rfe1 Qd6 19. Nh4 Re4 20. Nf3 c5 21. Bf1 Rfe8 22. Rxe4 dxe4 23. Qe3 Rf8 24. Nh4 cxd4 25. Qh6 f5 26. c5 bxc5 27. Bc4+ Kh8 28. Rf1 Qf6 29. Bb5 Ne5 30. Be2 d3 $19 31. Bd1 Qg7 32. Qe3 c4 33. bxc4 Nxc4 34. Qc5 Rc8 35. Qxa7 e3 36. Nxf5 Bxg2+ 0-1